 Dungeon Crawl Stone Soup version 0.24-a0-244-ga6a6ab7 (console) character file.

Game seed: 579396542404486565

1065 PrimeMinisterCorbyn the Digger (level 8, -12/50 HPs)
             Began as an Octopode Earth Elementalist on Apr 10, 2019.
             Was a Follower of Uskayaw.
             Mangled by a centaur warrior (13 damage)
             ... on level 8 of the Dungeon.
             The game lasted 00:25:33 (6139 turns).

PrimeMinisterCorbyn the Digger (OpEE)               Turns: 6139, Time: 00:25:33

Health: -12/50     AC:  3    Str: 12    XL:     8   Next: 27%
Magic:  23/23      EV: 20    Int: 19    God:    Uskayaw [*.....]
Gold:   265        SH:  0    Dex: 18    Spells: 5/15 levels left

rFire    . . .     SeeInvis .     - Unarmed
rCold    . . .     Gourm    .   (no shield)
rNeg     . . .     Faith    .   u - +2 hat
rPois    .         Spirit   .   R - amulet of regeneration
rElec    .         Reflect  .   j - ring of magical power
rCorr    .         Harm     .   (no ring)
MR       .....                  (no ring)
Stlth    +++++.....             (no ring)
HPRegen  0.56/turn              (no ring)
MPRegen  0.18/turn              (no ring)
                                (no ring)
                                (no ring)

@: mighty, agile, confusing touch, very slightly contaminated, invisible
A: almost no armour, stealthy swim, amphibious, 8 rings, constrict 8, camouflage
1, gelatinous body 1
a: Stomp, Renounce Religion


You were on level 8 of the Dungeon.
You worshipped Uskayaw.
Uskayaw was noncommittal.
You were not hungry.

You visited 2 branches of the dungeon, and saw 9 of its levels.

You collected 265 gold pieces.

Inventory:

Hand Weapons
 b - a +1 blowgun
Missiles
 f - 48 stones (quivered)
 i - 4 curare-tipped needles
 m - 61 arrows
Armour
 e - a +0 shield
 u - a +2 hat (worn)
Jewellery
 j - a ring of magical power (left tentacle)
 y - an uncursed amulet of rage {unknown}
 B - an uncursed amulet of guardian spirit
 R - an amulet of regeneration (around mantle)
Wands
 a - a wand of acid (5)
 l - a wand of paralysis (9)
Scrolls
 d - 3 scrolls of teleportation
 h - 2 scrolls of immolation
 p - a scroll of amnesia
Potions
 n - a potion of mutation
 t - 2 potions of degeneration
 x - a potion of flight
 z - 2 potions of cancellation
 E - a potion of agility
Comestibles
 c - 12 rations


   Skills:
 + Level 2.1 Fighting
 + Level 3.2 Dodging
 + Level 4.1 Stealth
 + Level 2.9 Unarmed Combat
 * Level 4.3 Spellcasting
 * Level 3.9 Conjurations
   Level 1.0 Transmutations
 * Level 5.7 Earth Magic
 + Level 0.0 Invocations


You had 5 spell levels left.
You knew the following spells:

 Your Spells              Type           Power        Failure   Level  Hunger
a - Sandblast             Erth           ####..       1%          1    None
b - Stone Arrow           Conj/Erth      ###...       5%          3    ###....
f - Lee's Rapid Deconstr  Erth           ####......   34%         5    ######.
C - Confusing Touch       Hex            #.....       14%         1    None

Your spell library contained the following spells:

 Spells                   Type           Power        Failure   Level  Hunger
 Passwall                 Tmut/Erth      ###.....     4%          2    #......
 Petrify                  Tmut/Erth      ###.....     32%         4    ####...
 Confuse                  Hex            #.......     38%         3    ###....
 Gell's Gravitas          Tloc           #.........   38%         3    ###....
 Yara's Violent Unravell  Hex/Tmut       #.........   97%         5    ######.
 Metabolic Englaciation   Hex/Ice        #.........   98%         5    ######.


Dungeon Overview and Level Annotations

Branches:
Dungeon (8/15)             Temple (1/1) D:7
   Lair: D:8-11

Altars:
Ashenzari
Cheibriados
Dithmenos
Elyvilon
Gozag
Hepliaklqana
Kikubaaqudgha
Okawaru
Qazlal
Ru
Trog
Uskayaw
Vehumet
Wu Jian
Yredelemnul
Zin
The Shining One

Shops:
D:6 *


Innate Abilities, Weirdness & Mutations

You cannot wear most types of armour.
You are very stealthy in the water. (Stealth+)
You are amphibious.
You can wear up to eight rings at the same time.
You can use your tentacles to constrict eight enemies at once.
Your skin changes colour to match your surroundings (Stealth+).
Your rubbery body absorbs attacks. (AC +1, EV +1)


Message History

The centaur warrior completely misses you.
You feel very mighty all of a sudden. The centaur warrior hits you!
* * * LOW HITPOINT WARNING * * *
The centaur warrior misses you.
Okay, then.
Evoke which item? (* to show all) (? for menu, Esc to quit)
Aiming: Paralyse
Press: ? - help, Shift-Dir - straight line, f - centaur warrior
Aim: a centaur warrior (chance to confuse on hit: 46%, chance to defeat MR: 28%)
The centaur warrior easily resists.
The centaur warrior completely misses you.
Evoke which item? (* to show all) (? for menu, Esc to quit)
Aiming: Paralyse
Press: ? - help, Shift-Dir - straight line, f/p - centaur warrior
Aim: a centaur warrior (chance to confuse on hit: 46%, chance to defeat MR: 28%)
The centaur warrior easily resists.
The centaur warrior hits you.
* * * LOW HITPOINT WARNING * * *
The centaur warrior hits you!
You die...

#. ... ....
###
.....######..
#.......#.##
#....<#.#..#
#######(#.##
#.......(..#
#.#######@c#
..........>#
######....##
..#..# ...
..# .... ..#
#.### ### #.


You could see a centaur warrior.

Vanquished Creatures
  Eustachio (D:6)
  An ogre (D:4)
  A wyvern zombie (D:6)
  A bullfrog (D:6)
  A crimson imp (D:5)
  A quasit (D:7)
  A jelly (D:7)
  3 hounds
  3 orc priests
  2 orc wizards
  A bullfrog skeleton (D:6)
  A centaur skeleton (D:7)
  3 worker ants
  A killer bee zombie (D:4)
  3 gnolls (D:3)
  A howler monkey skeleton (D:5)
  7 adders
  2 shadow imps (D:5)
  An ooze (D:1)
  An adder skeleton (D:4)
  A worm (D:2)
  A dart slug (D:1)
  4 leopard geckos
  12 orcs
  7 giant cockroaches
  5 goblins
  3 hobgoblins
  14 jackals
  8 kobolds
  4 quokkas
  3 ball pythons
  7 bats
  3 frilled lizards
  A jackal skeleton (D:5)
  A quokka skeleton (D:4)
  A quokka zombie (D:5)
  5 rats
116 creatures vanquished.

Vanquished Creatures (others)
  4 plants (D:7)
4 creatures vanquished.

Grand Total: 120 creatures vanquished

Notes
Turn   | Place    | Note
-------+----------+-------------------------------------------
     0 | D:1      | PrimeMinisterCorbyn the Octopode Earth Elementalist began
                  | the quest for the Orb.
     0 | D:1      | Reached XP level 1. HP: 11/11 MP: 3/3
   171 | D:1      | Reached XP level 2. HP: 17/17 MP: 5/5
   647 | D:2      | Found a basalt altar of Yredelemnul.
   654 | D:2      | Reached skill level 1 in Unarmed Combat
   654 | D:2      | Reached XP level 3. HP: 21/21 MP: 3/6
   660 | D:2      | Noticed a +0 dagger
   660 | D:2      | Noticed a +0 dagger
   695 | D:2      | Learned a level 3 spell: Stone Arrow
   713 | D:2      | Found a hide-covered altar of Uskayaw.
  1357 | D:2      | Reached XP level 4. HP: 27/27 MP: 5/7
  1490 | D:3      | Reached skill level 1 in Conjurations
  1490 | D:3      | Reached skill level 4 in Earth Magic
  1713 | D:3      | HP: 1/27 [orc wizard/+0 dagger (3)]
  1714 | D:3      | Reached XP level 5. HP: 2/31 MP: 0/9
  1794 | D:2      | Learned a level 5 spell: Lee's Rapid Deconstruction
  2334 | D:4      | Noticed an ogre
  2599 | D:3      | Reached XP level 6. HP: 37/37 MP: 0/10
  2960 | D:4      | Found an iron altar of Okawaru.
  2960 | D:4      | Found a stormy altar of Qazlal.
  3481 | D:4      | Reached skill level 1 in Fighting
  3571 | D:4      | Identified the cursed +0 leather armour "Ycrer" {*Slow MR+
                  | Int+4 Dex+3}
  3791 | D:4      | Reached skill level 5 in Earth Magic
  3791 | D:4      | Reached XP level 7. HP: 43/43 MP: 12/12
  3920 | D:5      | Entered Level 5 of the Dungeon
  4089 | D:5      | Learned a level 1 spell: Confusing Touch
  4861 | D:6      | Found an opulent altar of Gozag.
  4865 | D:6      | Found Gozag's Platinum Reserve.
  4953 | D:6      | Noticed Eustachio
  5005 | D:6      | Killed Eustachio
  5005 | D:6      | Reached XP level 8. HP: 28/50 MP: 9/14
  5635 | D:7      | Found a staircase to the Ecumenical Temple.
  5648 | Temple   | Entered the Ecumenical Temple
  5842 | D:2      | Became a worshipper of Uskayaw the Reveler
  5999 | D:7      | Reached * piety under Uskayaw
  6128 | D:8      | Noticed a centaur warrior
  6139 | D:8      | HP: 1/50 [centaur warrior (5)]
  6139 | D:8      | Mangled by a centaur warrior

Levels and vault maps discovered:
D:1:      minmay_arrival_arboretum_small, layout_rooms
D:2:      layout_basic, yredelemnul_altar_generic, dancing_weapons_uskayaw
D:3:      layout_basic, first_ration
D:4:      layout_loops_corners, gammafunk_temple_overflow_elements
D:5:      layout_gridville
D:6:      layout_basic, nicolae_gozag_zags_fifth_avenue, uniq_eustachio
D:7:      layout_rooms, kennysheep_mini, minmay_temple_entry_grid, serial_bayou,
          serial_bayou_lake_a, serial_bayou_shore_a, serial_bayou_shore_b,
          serial_bayou_crossing, the_bakery
D:8:      layout_basic, marbit_many_paths
Temple:   nicolae_temple_hex_pool

Skill      XL: |  1  2  3  4  5  6  7  8 |
---------------+-------------------------+-----
Unarmed Combat | 1 2 |  2.9
Conjurations   | 1 2 3 |  3.9
Earth Magic    | 4 5 |  5.7
Spellcasting   | 3 4 |  4.3
Fighting       | 1 2 |  2.1
Stealth        | 3 4 |  4.1
Dodging        | 3 |  3.2
Transmutations | |  1.0

Action                   |  1- 3 |  4- 6 |  7- 9 || total
-------------------------+-------+-------+-------++-------
Melee: Unarmed           |    26 |    32 |    84 ||   142
       Tentacles         |     7 |     3 |    16 ||    26
       Constrict         |     6 |     8 |    17 ||    31
       Punch             |       |       |     3 ||     3
 Fire: Blowgun           |       |     7 |     4 ||    11
 Cast: Sandblast         |    38 |    65 |    28 ||   131
       Stone Arrow       |     1 |    20 |    15 ||    36
       Confusing Touch   |       |       |    25 ||    25
Evoke: Wand              |       |       |     2 ||     2
  Use: Scroll            |       |    12 |    13 ||    25
       Potion            |       |     1 |     5 ||     6
 Stab: Sleeping          |     1 |     1 |     1 ||     3
       Confused          |       |       |     7 ||     7
  Eat: Chunk             |     2 |     9 |     6 ||    17
       Ration            |       |       |     1 ||     1
Armor: Skin              |     4 |     4 |    16 ||    24
Dodge: Dodged            |    31 |    48 |    70 ||   149

Table legend:
 A = Non-vault XP
 B = Vault XP
 C = Vault XP percentage of total XP
 D = Non-vault monster count
 E = Vault monster count
 F = Vault count percentage of total count
                 A         B        C        D         E       F
            +---------+---------+-------+---------+---------+-------
      Total |    1319 |     203 |  13.3 |     115 |       1 |   0.9
            +---------+---------+-------+---------+---------+-------
        D:1 |      31 |       0 |   0.0 |      15 |       0 |   0.0
        D:2 |      60 |       0 |   0.0 |      24 |       0 |   0.0
        D:3 |     257 |       0 |   0.0 |      27 |       0 |   0.0
        D:4 |     300 |       0 |   0.0 |      18 |       0 |   0.0
        D:5 |     174 |       0 |   0.0 |      15 |       0 |   0.0
        D:6 |     337 |     203 |  37.6 |      12 |       1 |   7.7
        D:7 |     160 |       0 |   0.0 |       4 |       0 |   0.0
            +---------+---------+-------+---------+---------+-------
